Map: Frost LE

Players

LiquidMaNa (MaNa)

  • Race: Protoss Protoss
  • League: Master

SortOf - Winner!

  • Race: Zerg Zerg

VOD

https://www.youtube.com/watch?v=J8KDHInqbJE

Description

Time

  • Played on: Nov. 25, 2016, 3:03 p.m.
  • Length: 11:15
Show
View Real Time Build Order
Export as new Build Order

LiquidMaNa Protoss 

Build Orders: 1 Gate Expand, Zealot Archon, Dark Templar Rush 

Get SALT Encoding   

  12  0:00  Probe (Chrono Boost)  
  13  0:11  Probe (Chrono Boost)  
  14  0:17  Pylon  
  14  0:22  Probe (Chrono Boost)  
  15  0:36  Probe (Chrono Boost)  
  15  0:39  Gateway  
  16  0:46  Probe (Chrono Boost)  
  16  0:48  Assimilator  
  18  0:57  Probe (Chrono Boost)  
  18  1:07  Probe (Chrono Boost)  
  19  1:22  Nexus  
  19  1:32  Cybernetics Core  
  19  1:35  Probe (Chrono Boost)  
  20  1:40  Assimilator  
  20  1:45  Probe (Chrono Boost)  
  21  1:50  Pylon  
  21  1:56  Probe (Chrono Boost)  
  22  2:06  Probe (Chrono Boost)  
  23  2:10  Warp Gate, Stalker  
  25  2:17  Probe (Chrono Boost)  
  26  2:28  Probe (Chrono Boost)  
  28  2:37  Probe (Chrono Boost)  
  28  2:38  Probe (Chrono Boost)  
  28  2:44  Twilight Council  
  29  2:47  Adept  
  29  2:48  Probe (Chrono Boost)  
  29  2:49  Probe (Chrono Boost)  
  33  2:58  Probe (Chrono Boost)  
  34  2:59  Probe (Chrono Boost)  
  35  3:06  Robotics Facility  
  35  3:09  Probe (Chrono Boost)  
  35  3:10  Probe (Chrono Boost)  
  37  3:19  Probe (Chrono Boost)  
  38  3:20  Probe (Chrono Boost)  
  38  3:23  Dark Shrine  
  39  3:30  Probe (Chrono Boost)  
  39  3:31  Probe (Chrono Boost)  
  41  3:40  Probe (Chrono Boost)  
  41  3:41  Probe (Chrono Boost), Pylon  
  41  3:48  Warp Prism  
  42  3:49  Gateway x2  
  44  3:55  Gateway  
  44  3:59  Assimilator  
  44  4:02  Assimilator  
  44  4:05  Mothership Core (Chrono Boost)  
  44  4:08  Probe (Chrono Boost)  
  47  4:14  Pylon  
  47  4:20  Probe (Chrono Boost)  
  47  4:23  Probe (Chrono Boost)  
  49  4:30  Probe (Chrono Boost)  
  50  4:33  Probe (Chrono Boost)  
  50  4:34  Pylon  
  51  4:41  Probe (Chrono Boost)  
  51  4:44  Probe (Chrono Boost), Resonating Glaives  
  53  4:50  Dark Templar x4  
  61  4:56  Archon x2  
  61  4:58  Pylon  
  60  5:06  Probe (Chrono Boost)  
  62  5:07  Probe (Chrono Boost)  
  62  5:12  Pylon  
  61  5:16  Probe (Chrono Boost)  
  61  5:19  Probe (Chrono Boost)  
  57  5:23  Warp Prism  
  54  5:33  Adept x2  
  54  5:34  Adept x2  
  62  5:41  Gateway  
  62  5:42  Gateway  
  62  5:43  Gateway  
  62  5:46  Gateway  
  62  6:02  Adept  
  62  6:03  Adept x3  
  69  6:25  Adept x3  
  71  6:26  Adept  
  71  6:30  Pylon  
  77  6:39  Pylon  
  77  6:49  Adept x6  
  77  6:50  Adept x2  
  93  7:03  Pylon  
  85  7:16  Adept x3  
  85  7:17  Adept x5  
  67  7:39  Adept x6  
  51  8:04  Dark Templar x3  
  51  8:05  Dark Templar  
  59  8:09  Adept x4, Archon x2  
  67  8:30  Adept x4  
  75  8:37  Sentry x4  
  83  8:48  Nexus  
  82  8:56  Templar Archives  
  72  9:11  Dark Templar x4  
  72  9:15  Archon x2  
  80  9:19  Immortal  
  80  9:22  Psionic Storm  
  84  9:41  High Templar  
  86  9:52  Zealot x3  
  88  9:53  Zealot  
  88  9:55  High Templar  
  88  9:57  Zealot, Adept  
  98  10:14  High Templar  
  98  10:15  Pylon  
  98  10:16  Pylon  
  66  10:45  Adept x6  
  67  10:53  Archon  
Show
View Real Time Build Order
Export as new Build Order

SortOf Zerg - Winner!

Build Orders: Hatch First 

Get SALT Encoding   

  12  0:00  Drone  
  13  0:12  Overlord  
  13  0:17  Drone  
  14  0:31  Drone x2  
  16  0:49  Hatchery  
  15  0:52  Drone  
  15  0:56  Drone  
  17  0:59  Drone  
  18  1:10  Extractor  
  17  1:15  Spawning Pool  
  17  1:17  Drone  
  17  1:21  Drone  
  18  1:28  Drone  
  19  1:40  Overlord  
  19  1:51  Drone  
  20  2:01  Queen x2  
  20  2:02  Zergling x4  
  26  2:10  Metabolic Boost  
  26  2:14  Drone  
  27  2:16  Drone  
  28  2:25  Drone x2  
  30  2:38  Hatchery  
  30  2:43  Zergling x2  
  30  2:44  Overlord  
  30  2:46  Drone  
  30  2:49  Drone  
  32  2:54  Drone  
  32  2:58  Queen  
  35  3:03  Drone  
  36  3:05  Drone  
  36  3:08  Zergling x2  
  36  3:12  Overlord  
  38  3:13  Drone x2  
  38  3:15  Drone  
  38  3:17  Zergling x2  
  42  3:20  Zergling x2  
  42  3:25  Drone  
  44  3:31  Drone  
  44  3:33  Drone x2  
  47  3:34  Queen  
  49  3:43  Drone x3  
  52  3:48  Overlord  
  52  3:51  Drone x3  
  55  3:56  Overlord  
  55  4:00  Drone x3  
  58  4:04  Spore Crawler  
  58  4:05  Lair  
  57  4:12  Zergling x6  
  57  4:13  Drone  
  61  4:23  Queen  
  63  4:24  Queen  
  63  4:25  Overlord  
  63  4:26  Drone x2  
  63  4:28  Drone  
  63  4:29  Extractor  
  67  4:37  Drone x2  
  69  4:40  Spore Crawler  
  69  4:43  Zergling x14  
  75  4:48  Overlord  
  74  4:54  Overlord  
  74  4:55  Zergling x6  
  74  4:58  Drone x2  
  79  5:00  Queen  
  79  5:06  Overseer  
  81  5:08  Drone x2, Extractor  
  81  5:09  Hydralisk Den  
  81  5:10  Drone x2  
  81  5:11  Drone x2  
  85  5:14  Overlord  
  84  5:21  Drone  
  84  5:22  Drone x2  
  84  5:26  Drone  
  84  5:27  Drone  
  84  5:28  Overlord  
  87  5:29  Overseer  
  87  5:34  Evolution Chamber  
  86  5:36  Extractor x2  
  86  5:37  Baneling Nest, Drone x5  
  86  5:38  Drone  
  86  5:40  Grooved Spines  
  89  5:45  Drone x3  
  92  5:52  Hydralisk x2  
  96  5:59  Extractor  
  96  6:01  Hydralisk  
  96  6:02  Hydralisk  
  96  6:03  Overlord  
  99  6:10  Spine Crawler  
  97  6:12  Hydralisk x2  
  97  6:15  Drone x2  
  97  6:16  Drone x2  
  97  6:18  Hydralisk x2  
  105  6:21  Overlord x2  
  105  6:24  Baneling x3  
  105  6:25  Baneling  
  109  6:27  Zergling x2  
  109  6:28  Zergling x8  
  114  6:35  Overlord  
  114  6:37  Baneling x4  
  114  6:38  Baneling  
  114  6:42  Hydralisk x2  
  114  6:43  Zergling x2, Hydralisk  
  114  6:44  Zergling x2  
  122  6:53  Zergling x2  
  123  6:56  Baneling x2  
  123  6:57  Baneling x2  
  123  6:59  Hydralisk x3  
  123  7:00  Zergling x12  
  135  7:06  Hydralisk x2  
  135  7:07  Zergling x2  
  132  7:13  Hydralisk x2  
  132  7:14  Hydralisk  
  128  7:16  Zergling x4  
  119  7:22  Hydralisk  
  119  7:23  Hydralisk  
  119  7:24  Baneling x2  
  119  7:29  Hydralisk  
  114  7:34  Hydralisk  
  114  7:36  Drone x2  
  112  7:37  Hydralisk  
  105  7:45  Hydralisk x2  
  105  7:46  Zergling x4  
  105  7:52  Drone x2  
  107  8:07  Drone x3  
  107  8:08  Drone x2  
  112  8:13  Muscular Augments  
  112  8:15  Zergling x2  
  112  8:16  Baneling x4  
  112  8:18  Hydralisk x2  
  117  8:30  Overlord  
  117  8:31  Queen  
  119  8:35  Drone x3  
  119  8:36  Drone x2  
  119  8:40  Centrifical Hooks, Baneling x2  
  124  8:43  Zerg Missile Weapons Level 1  
  124  8:46  Hydralisk  
  124  8:49  Hydralisk x3  
  124  8:51  Drone x2  
  124  8:52  Drone  
  131  9:01  Hydralisk x2  
  131  9:02  Hydralisk  
  136  9:04  Overlord  
  136  9:08  Overlord  
  136  9:09  Hydralisk  
  138  9:28  Hatchery, Hydralisk x4  
  144  9:32  Zergling x4  
  144  9:33  Zergling x2  
  147  9:38  Zergling x2  
  147  9:39  Zergling x8  
  152  9:50  Zergling x18  
  161  9:54  Overlord  
  161  9:55  Overlord  
  161  10:02  Baneling x11  
  161  10:03  Baneling  
  161  10:04  Baneling x2  
  161  10:05  Baneling  
  161  10:13  Zergling x6  
  164  10:23  Baneling x2  
  164  10:24  Baneling x16  
  160  10:38  Hydralisk  
  160  10:41  Hydralisk x6  
  159  10:44  Hydralisk  
Tags
 
Add a new tag
Caveats
  • Supply blocks, unpowered buildings, or Contaminate may cause inaccurate times.
  • Supply counts are checked every 10 seconds.